 Dungeon Crawl Stone Soup version 0.25-a0-589-g1e14c54 (webtiles) character file.

Game seed: 3906056078973611394, levelgen mode: deterministic

3278 Faels the Slicer (level 9, -4/48 HPs)
             Began as a Vampire Gladiator on Mar 12, 2020.
             Was a Follower of Trog.
             Slain by a hellwing (5 damage)
             ... on level 6 of the Dungeon.
             The game lasted 00:39:34 (8184 turns).

Faels the Slicer (Vampire Gladiator)                Turns: 8184, Time: 00:39:34

Health: -4/48      AC:  8    Str: 15    XL:     9   Next: 69%
Magic:  9/9        EV: 16    Int: 10    God:    Trog [*.....]
Gold:   125        SH:  0    Dex: 17    Spells: 8/8 levels left

rFire    + . .     SeeInvis +   z - +1 dagger (protect)
rCold    + + .     Gourm    .   (no shield)
rNeg     + + +     Faith    .   I - +0 steam dragon scales
rPois    ∞         Spirit   .   c - +0 helmet
rElec    .         Reflect  .   n - +0 cloak
rCorr    .         Harm     .   (no gloves)
MR       .....                  B - +0 pair of boots
Stlth    ++++++....             (no amulet)
HPRegen  0.00/turn              e - ring of protection from fire
MPRegen  0.11/turn              (no ring)

@: bloodless
A: no food, fangs 3, see invisible, unbreathing
a: Bat Form, Revivify, Berserk, Renounce Religion


You were on level 6 of the Dungeon.
You worshipped Trog.
Trog was aware of your devotion.
You were bloodless.

You visited 2 branches of the dungeon, and saw 8 of its levels.
You also visited: Sewer and Ossuary.

You collected 469 gold pieces.
You spent 344 gold pieces at shops.

Inventory:

Hand Weapons
 a - a +0 trident
 i - a +0 hunting sling
 m - a +1 vampiric long sword
 r - a +0 dagger of venom
 z - a +1 dagger of protection (weapon)
Missiles
 d - 2 throwing nets
 j - 59 sling bullets
 v - 2 javelins
 x - 13 boomerangs
 y - 22 poisoned darts (quivered)
Armour
 c - a +0 helmet (worn)
 k - a +0 ring mail
 n - a +0 cloak (worn)
 B - a +0 pair of boots (worn)
 I - +0 steam dragon scales (worn)
Jewellery
 e - a ring of protection from fire (left hand)
 G - an uncursed ring of magical power {unknown}
 J - an uncursed amulet of harm
Wands
 g - a wand of flame (25)
 H - a wand of paralysis (9)
Scrolls
 b - 2 scrolls of remove curse
 h - 3 scrolls of amnesia
 o - a scroll of magic mapping
 p - a scroll of fear
 t - 2 scrolls of fog
 w - 2 scrolls of immolation
Potions
 f - a potion of invisibility {unknown}
 l - 10 potions of curing
 q - 4 potions of flight
 u - 3 potions of brilliance
 C - a potion of berserk rage
 F - 2 potions of magic


   Skills:
 - Level 1.7 Fighting
 + Level 9.4(10.1) Short Blades
 - Level 5.2(7.6) Long Blades
 - Level 5.0 Polearms
 - Level 2.4(3.0) Slings
 - Level 2.6(3.1) Throwing
 - Level 5.6 Dodging
 - Level 8.0 Stealth


You had 8 spell levels left.
You didn't know any spells.
Your spell library was empty.

Dungeon Overview and Level Annotations

Branches:
Dungeon (7/15)             Temple (1/1) D:6           Sewer (visited)
Ossuary (visited)

Altars:
Ashenzari
Cheibriados
Dithmenos
Elyvilon
Fedhas
Gozag
Hepliaklqana
Kikubaaqudgha
Makhleb
Nemelex Xobeh
Qazlal
Ru
Sif Muna
Trog
Uskayaw
Vehumet
Wu Jian
Xom
Yredelemnul
Zin
The Shining One

Shops:
D:5 %   D:6 *   D:7 ((=


Innate Abilities, Weirdness & Mutations

You do not eat.
You do not regenerate when monsters are visible.
You are frail without blood (-20% HP).
You can heal yourself when you bite living creatures.
You are immune to poison.
You have razor-sharp teeth.
You have supernaturally acute eyesight. (SInv)
You can survive without breathing.


Message History

The hellwing hits you but does no damage.
You closely miss the hellwing.
The hellwing hits you but does no damage.
The hellwing hits you. The hellwing hits you!
* * * LOW HITPOINT WARNING * * *
The hellwing hits you.
* * * LOW HITPOINT WARNING * * *
You see here 22 stones.
There is a stone staircase leading up here.
The hellwing misses you. The hellwing barely misses you.
You climb upwards.
There is a stone staircase leading down here.
Okay, then.
Okay, then.
As you read the scroll of fog, it crumbles to dust.
The scroll dissolves into smoke.
The hellwing hits you!
* * * LOW HITPOINT WARNING * * *
The hellwing hits you.
You die...

.# #.# #.# #.# #.........#
.###.####.# #.# #.###.###.#
.......##.###'## #.# #.# #.#
.###.#.##.##...## #.# #.###<#
.###.#.##.#.....## #.###..##)#
..#..............###.##.#.##.#
#....#.##......§..##.........#
........+.....§§4§§.......####
.#.....##.....§§@§####....#
....######.....§§## ##.#.##
..#...#####....§## ###..#
....#....###...## ##.#
>.....#.....#'## #.#
....#....##.#.# #.#
..#...#####.#.# #.# ........#
#.#.## #.# .#.#.##.# #....##
#.#


You could see a hellwing.

Vanquished Creatures
  Pikel (D:7)
  A centaur zombie (D:7)
  Prince Ribbit (D:5)
  A hippogriff (D:2)
  A hungry ghost (D:6)
  A steam dragon (D:6)
  3 sky beasts
  5 ogres
  2 centaurs
  A big kobold (Sewer)
  A bullfrog (D:7)
  A scorpion (D:7)
  3 killer bees (D:7)
  2 howler monkeys
  2 crimson imps
  2 human zombies (Ossuary)
  3 jellies
  A bullfrog skeleton (D:6)
  An orc wizard (D:3)
  A hound (D:6)
  An iguana (D:5)
  2 worker ants
  3 big kobold zombies (Ossuary)
  A hound skeleton (D:4)
  A howler monkey zombie (D:6)
  2 mummies (Ossuary)
  A worker ant zombie (D:2)
  Robin (D:2)
  5 river rats (Sewer)
  6 adders
  3 shadow imps
  6 worms
  2 dart slugs
  6 leopard geckos
  14 orcs
  8 ball pythons
  9 bats
  5 giant cockroaches
  16 goblins
  14 hobgoblins
  12 jackals
  3 quokkas
  5 frilled lizards
  3 goblin zombies (Ossuary)
  2 hobgoblin zombies (Ossuary)
  A jackal skeleton (D:4)
  20 kobolds
  4 orc zombies (Ossuary)
  25 rats
215 creatures vanquished.

Vanquished Creatures (others)
  A centaur zombie (D:7)
  3 slaves (D:7)
  A withered plant (D:7)
5 creatures vanquished.

Grand Total: 220 creatures vanquished

Notes
Turn   | Place    | Note
-------+----------+-------------------------------------------
     0 | D:1      | Faels the Vampire Gladiator began the quest for the Orb.
     0 | D:1      | Reached XP level 1. HP: 16/16 MP: 1/1
   123 | D:1      | Reached XP level 2. HP: 17/22 MP: 2/2
   500 | D:1      | Reached XP level 3. HP: 24/27 MP: 3/3
   525 | D:1      | Reached skill level 1 in Slings
   982 | D:2      | Found an ornate altar of the Wu Jian Council.
  1001 | D:2      | Reached skill level 1 in Stealth
  1047 | D:2      | Noticed a hippogriff
  1059 | D:2      | Killed a hippogriff
  1059 | D:2      | Reached XP level 4. HP: 18/33 MP: 4/4
  1059 | D:2      | Reached XP level 5. HP: 21/38 MP: 5/5
  1155 | D:2      | Noticed Robin
  1372 | D:2      | Reached skill level 1 in Short Blades
  1417 | D:2      | Reached XP level 6. HP: 36/44 MP: 6/6
  1553 | D:2      | Killed Robin
  1553 | D:2      | Reached skill level 2 in Short Blades
  1846 | D:3      | Found a glowing drain.
  1952 | Sewer    | Entered a sewer
  2057 | Sewer    | Reached skill level 3 in Short Blades
  2296 | Sewer    | Reached skill level 5 in Stealth
  2762 | D:3      | Reached skill level 4 in Short Blades
  2762 | D:3      | Reached XP level 7. HP: 46/49 MP: 7/7
  2773 | D:3      | Found a shimmering altar of Xom.
  3888 | D:4      | Found a bloodstained altar of Trog.
  3888 | D:4      | Found a glowing golden altar of the Shining One.
  3892 | D:4      | Became a worshipper of Trog the Wrathful
  4019 | D:5      | Entered Level 5 of the Dungeon
  4019 | D:5      | Found Buorrues's Food Shoppe.
  4033 | D:5      | Reached skill level 5 in Short Blades
  4033 | D:5      | Reached skill level 5 in Polearms
  4319 | D:5      | Found a sand-covered staircase.
  4334 | Ossuary  | Entered an ossuary
  4521 | Ossuary  | Reached * piety under Trog
  4589 | Ossuary  | Reached XP level 8. HP: 42/55 MP: 8/8
  4800 | D:5      | Noticed Prince Ribbit
  4804 | D:5      | Reached skill level 5 in Dodging
  4812 | D:5      | HP: 2/55 [ogre/+0 giant club (18)]
  4816 | D:5      | Reached skill level 6 in Short Blades
  4835 | D:5      | Killed Prince Ribbit
  5462 | D:6      | Found Fihiawk's General Store.
  5467 | D:6      | Bought a scroll of identify for 26 gold pieces
  5467 | D:6      | Bought a potion of magic for 104 gold pieces
  5467 | D:6      | Bought a potion of brilliance for 52 gold pieces
  5467 | D:6      | Bought a scroll of remove curse for 39 gold pieces
  5467 | D:6      | Bought 19 sling bullets for 123 gold pieces
  5576 | D:6      | Found a staircase to the Ecumenical Temple.
  5608 | D:6      | Reached skill level 1 in Long Blades
  5612 | Temple   | Entered the Ecumenical Temple
  6561 | D:6      | Reached XP level 9. HP: 48/48 MP: 9/9
  7064 | D:7      | Reached skill level 5 in Long Blades
  7212 | D:7      | Found Vufenix's Jewellery Boutique.
  7237 | D:7      | Noticed a hellwing
  7242 | D:7      | Noticed a hellwing
  7396 | D:7      | Noticed Pikel
  7426 | D:7      | Found Doadex's Antique Weapon Shop.
  7431 | D:7      | Found a burning altar of Makhleb.
  7431 | D:7      | Found a sacrificial altar of Ru.
  7431 | D:7      | Found a shadowy altar of Dithmenos.
  7431 | D:7      | Found a sparkling altar of Nemelex Xobeh.
  7435 | D:7      | Killed Pikel
  7435 | D:7      | Reached skill level 7 in Short Blades
  7555 | D:7      | Reached skill level 8 in Short Blades
  7620 | D:7      | Reached skill level 9 in Short Blades
  7713 | D:7      | Found Fuaten's Weapon Shoppe.
  8184 | D:6      | HP: 1/48 [hellwing (8)]
  8184 | D:6      | Slain by a hellwing

Levels and vault maps discovered:
D:1:      nagdon_arrival_zigzag_paths, layout_loops_ring
D:2:      layout_loops_cross, overflow_temple_1_default, uniq_robin
D:3:      minmay_skewed_foursquare, layout_loops_ring,
          overflow_temple_1_default, cheibrodos_sewer_entry_sluice
D:4:      layout_cave_pools, gammafunk_temple_overflow_elements
D:5:      layout_rooms, serial_shops, shop, first_ration,
          lightli_ossuary_entry_decrepit_ruins, uniq_prince_ribbit1
D:6:      wander_river, layout_loops_corners, minmay_temple_entry_sparse_star,
          serial_shops, nicolae_shop_trees
D:7:      cheibrodos_grave_circle, layout_rooms,
          chequers_temple_overflow_statue_of_worship, serial_shops, shop,
          kennysheep_mini, shop, nicolae_shop_window_shopping, grunt_ogre_cave,
          hex_medium, ebering_dispersal_statue_hall,
          minmay_misc_feat_more_columns, uniq_pikel
Temple:   oiseaux_autumnal_temple

Skill      XL: |  1  2  3  4  5  6  7  8  9 |
---------------+----------------------------+-----
Polearms       | 3 4 5 |  5.0
Slings         | 2 |  2.4
Stealth        | 4 5 8 |  8.0
Short Blades   | 1 4 5 6 9 |  9.4
Dodging        | 4 5 |  5.6
Throwing       | 2 |  2.6
Long Blades    | 3 5 |  5.2
Fighting       | |  1.7

Action                   |  1- 3 |  4- 6 |  7- 9 || total
-------------------------+-------+-------+-------++-------
Melee: Trident           |   102 |   134 |     7 ||   243
       Bite              |    10 |    36 |   105 ||   151
       Dagger            |       |   154 |   544 ||   698
       Long sword        |       |       |    57 ||    57
 Fire: Hunting sling     |     2 |       |     4 ||     6
Throw: Javelin           |     2 |     2 |       ||     4
       Throwing net      |     2 |       |       ||     2
       Dart              |       |     2 |    36 ||    38
Invok: Berserk           |       |       |     2 ||     2
 Abil: Exsanguinate      |       |       |     1 ||     1
  Use: Scroll            |     2 |     3 |    21 ||    26
       Potion            |       |       |     6 ||     6
 Stab: Held in net/web   |     1 |       |       ||     1
       Sleeping          |       |     8 |    11 ||    19
       Distracted        |       |       |     2 ||     2
Armor: Leather armour    |    13 |       |       ||    13
       Ring mail         |    16 |   100 |   145 ||   261
       Steam dragon scal |       |       |    53 ||    53
Dodge: Dodged            |    59 |   202 |   425 ||   686
       Rpst.: Long sword |       |       |    24 ||    24

Table legend:
 A = Non-vault XP
 B = Vault XP
 C = Vault XP percentage of total XP
 D = Non-vault monster count
 E = Vault monster count
 F = Vault count percentage of total count
                 A         B        C        D         E       F
            +---------+---------+-------+---------+---------+-------
      Total |    3038 |    1646 |  35.1 |     127 |      88 |  40.9
            +---------+---------+-------+---------+---------+-------
        D:1 |      56 |       0 |   0.0 |      29 |       0 |   0.0
        D:2 |     373 |      34 |   8.4 |      34 |      11 |  24.4
        D:3 |      60 |      23 |  27.7 |       9 |       9 |  50.0
        D:4 |     226 |       0 |   0.0 |      13 |       0 |   0.0
        D:5 |     687 |     277 |  28.7 |      18 |       1 |   5.3
        D:6 |     887 |       0 |   0.0 |      12 |       0 |   0.0
        D:7 |     749 |     888 |  54.2 |      12 |       3 |  20.0
      Sewer |       0 |     220 | 100.0 |       0 |      48 | 100.0
    Ossuary |       0 |     204 | 100.0 |       0 |      16 | 100.0
            +---------+---------+-------+---------+---------+-------
